 Dungeon Crawl Stone Soup version 0.22.0 (webtiles) character file.

413 MirrMurr the Ruffian (level 6, -1/55 HPs)
             Began as a Troll Hunter on Aug 12, 2018.
             Slain by an orc
             ... wielding a +2 short sword of venom
              (2 damage)
             ... on level 4 of the Dungeon.
             The game lasted 00:04:45 (2720 turns).

MirrMurr the Ruffian (Troll Hunter)                 Turns: 2720, Time: 00:04:45

Health: -1/55      AC:  6    Str: 21    XL:     6   Next: 59%
Magic:  5/5        EV: 10    Int: 10    God:
Gold:   128        SH:  0    Dex: 12    Spells: 5/5 levels left

rFire    . . .     SeeInvis .     - Unarmed
rCold    . . .     Gourm    +   (no shield)
rNeg     . . .     Faith    .   b - +0 robe
rPois    .         Spirit   .   (helmet restricted)
rElec    .         Reflect  .   n - +0 cloak
rCorr    .         Harm     .   (gloves unavailable)
MR       .....                  (boots unavailable)
Stlth    +.........             q - amulet of the acrobat
HPRegen  0.58/turn              t - +3 ring of intelligence
MPRegen  0.09/turn              (no ring)

@: lethally poisoned (-1 -> -24)
A: large, unfitting armour, claws 3, fast metabolism 3, gourmand, regeneration
1, shaggy fur 1, tough skin 2
a: no special abilities


You were on level 4 of the Dungeon.
You were very full.

You visited 1 branch of the dungeon, and saw 4 of its levels.

You collected 128 gold pieces.

Inventory:

Missiles
 c - 5 large rocks
 d - 2 throwing nets
 j - 97 stones (quivered)
 o - 5 poisoned needles
Armour
 b - a +0 robe (worn)
 n - a +0 cloak (worn)
Jewellery
 q - an amulet of the acrobat (around neck)
 t - a +3 ring of intelligence (left claw)
Scrolls
 g - a scroll of teleportation
 i - 3 scrolls of magic mapping
 k - a scroll of amnesia {unknown}
 l - a scroll of fear {unknown}
 m - 3 scrolls of enchant weapon
 p - a scroll of noise {unknown}
 r - a scroll of remove curse
 y - a scroll of enchant armour {unknown}
Potions
 a - 4 potions of lignification
 e - 2 potions of haste
 h - a potion of heal wounds
 s - a potion of might {unknown}
 v - a potion of agility {unknown}
 w - 2 potions of berserk rage
Comestibles
 f - 8 rations
 u - 10 chunks of flesh


   Skills:
 - Level 1.5 Fighting
 - Level 5.0 Throwing
 - Level 1.5 Dodging
 - Level 0.3 Stealth
 * Level 5.6 Unarmed Combat


You had 5 spell levels left.
You didn't know any spells.
Your spell library was empty.

Dungeon Overview and Level Annotations

Branches:
Dungeon (4/15)
 Temple: D:4-7

Altars:
Cheibriados


Innate Abilities, Weirdness & Mutations

You are too large for most types of armour.
You have claws for hands.
Your metabolism is lightning-fast.
You like to eat raw meat.
Your natural rate of healing is unusually fast.
You are covered in fur. (AC +1)
You have very tough skin. (AC +2)


Message History

The orc hits you with a short sword of venom.
* * * LOW HITPOINT WARNING * * *
You are lethally poisoned!
You closely miss the orc.
* * * LOW HITPOINT WARNING * * *
You feel very sick.
The orc hits you with a short sword of venom.
* * * LOW HITPOINT WARNING * * *
You are more poisoned.
You scratch the orc.
The orc is lightly wounded.
* * * LOW HITPOINT WARNING * * *
You feel very sick. The orc closely misses you.
You closely miss the orc.
The orc is lightly wounded.
* * * LOW HITPOINT WARNING * * *
You feel very sick.
The orc hits you with a short sword of venom.
You die...

#........## #
#.........## #
#.....<....# #
##..###.##.#
### #. #....##
... ###..
###...# ..
.....#####...#
......(.##...#
......†.o@...#
.......)##...#
......).##...#
........##.#.#
........##.#.#
<..#######.#.#
### #.#.# #.#
#.#


You could see an orc.

Vanquished Creatures
  A howler monkey (D:3)
  2 orc wizards
  3 orc priests
  Jessica (D:3)
  2 worker ants (D:4)
  3 gnolls (D:3)
  5 adders
  An ooze (D:1)
  2 worms (D:3)
  A dart slug (D:2)
  6 leopard geckos
  10 orcs
  3 giant cockroaches
  5 goblins
  7 hobgoblins
  A ball python (D:3)
  6 bats
  2 frilled lizards
  2 kobolds
  A quokka skeleton (D:4)
  3 rats
67 creatures vanquished.

Notes
Turn   | Place    | Note
-------+----------+-------------------------------------------
     0 | D:1      | MirrMurr the Troll Hunter began the quest for the Orb.
     0 | D:1      | Reached XP level 1. HP: 19/19 MP: 0/0
   184 | D:1      | Reached skill level 1 in Unarmed Combat
   220 | D:1      | Reached XP level 2. HP: 24/27 MP: 1/1
   615 | D:2      | Reached XP level 3. HP: 23/33 MP: 2/2
   846 | D:2      | Found a snail-covered altar of Cheibriados.
   852 | D:2      | Reached XP level 4. HP: 38/41 MP: 3/3
  1815 | D:3      | Reached XP level 5. HP: 45/48 MP: 4/4
  2201 | D:3      | Noticed Jessica
  2206 | D:3      | Killed Jessica
  2435 | D:3      | Reached XP level 6. HP: 55/55 MP: 5/5
  2625 | D:4      | Reached skill level 5 in Unarmed Combat
  2631 | D:4      | Reached skill level 5 in Throwing
  2720 | D:4      | HP: 1/55 [poisoned by an orc]
  2720 | D:4      | Slain by an orc

Skill      XL: |  1  2  3  4  5  6 |
---------------+-------------------+-----
Unarmed Combat | 1 2 3 4 5 |  5.6
Throwing       | 4 5 |  5.0
Fighting       | |  1.5
Dodging        | |  1.5
Stealth        | |  0.3

Action                   |  1- 3 |  4- 6 || total
-------------------------+-------+-------++-------
Melee: Unarmed           |    76 |   134 ||   210
       Short sword       |     3 |       ||     3
       Punch             |       |     3 ||     3
  Use: Scroll            |       |     8 ||     8
       Potion            |       |     1 ||     1
 Stab: Sleeping          |       |     1 ||     1
  Eat: Chunk             |    13 |    17 ||    30
Armor: Robe              |    23 |    42 ||    65
Dodge: Dodged            |    45 |    92 ||   137
